Map: Dusk Towers

Players

StrinG - Winner!

  • Race: Zerg Zerg
  • League: Diamond

ILLBdA

  • Race: Protoss Protoss
  • League: Diamond

VOD

Have the link to the VOD?

Description

Time

  • Played on: Jan. 1, 2016, 9:29 p.m.
  • Length: 5:02
Show
View Real Time Build Order
Export as new Build Order

StrinG Zerg - Winner!

Build Orders: 3 Hatch before Pool 

Get SALT Encoding   

  12  0:03  Drone  
  13  0:08  Drone  
  14  0:17  Overlord  
  14  0:36  Drone x3  
  17  0:47  Drone  
  18  1:03  Hatchery, Drone  
  18  1:14  Drone  
  19  1:28  Drone  
  19  1:30  Hatchery  
  19  1:35  Drone  
  20  1:43  Extractor  
  20  1:45  Spawning Pool  
  18  1:48  Drone  
  18  1:54  Drone  
  20  2:04  Overlord  
  21  2:15  Drone x2  
  22  2:24  Drone  
  22  2:29  Drone  
  24  2:32  Queen  
  24  2:33  Queen  
  24  2:36  Drone  
  29  2:37  Drone  
  30  2:45  Metabolic Boost  
  30  2:48  Queen  
  33  2:51  Drone  
  33  2:53  Drone  
  33  2:56  Zergling x2  
  33  2:58  Drone  
  36  3:03  Drone x2  
  38  3:13  Overlord  
  38  3:15  Drone x2  
  40  3:26  Lair  
  40  3:31  Zergling x2  
  40  3:32  Zergling x8  
  44  3:44  Zergling x2  
  44  3:45  Zergling x8  
  48  3:54  Zergling x6  
  49  3:56  Zergling x2  
  49  3:58  Zergling x2  
  50  4:04  Overlord x2  
  50  4:13  Overlord x2  
  50  4:17  Extractor  
  50  4:21  Drone  
  50  4:22  Queen  
  52  4:29  Drone x2  
  52  4:30  Drone x2  
  52  4:31  Drone  
  57  4:33  Spire  
Show
View Real Time Build Order
Export as new Build Order

ILLBdA Protoss 

Build Orders: Nexus First, Phoenix Opening 

Get SALT Encoding   

  12  0:01  Probe (Chrono Boost)  
  13  0:11  Probe (Chrono Boost)  
  14  0:18  Pylon  
  14  0:22  Probe (Chrono Boost)  
  15  0:36  Probe (Chrono Boost)  
  16  0:47  Probe (Chrono Boost)  
  17  0:58  Nexus  
  17  1:01  Probe (Chrono Boost)  
  18  1:11  Gateway  
  18  1:14  Probe (Chrono Boost)  
  19  1:21  Assimilator  
  19  1:25  Assimilator  
  19  1:36  Gateway  
  19  1:39  Probe (Chrono Boost)  
  20  1:49  Probe (Chrono Boost)  
  21  1:59  Zealot  
  21  2:00  Cybernetics Core  
  23  2:03  Pylon  
  23  2:11  Probe (Chrono Boost)  
  23  2:12  Probe (Chrono Boost)  
  25  2:22  Probe x2 (Chrono Boost)  
  27  2:32  Probe x2 (Chrono Boost)  
  27  2:36  Adept (Chrono Boost)  
  27  2:37  Adept (Chrono Boost)  
  33  2:38  Warp Gate  
  33  2:46  Stargate  
  33  2:56  Probe (Chrono Boost)  
  33  2:57  Probe (Chrono Boost)  
  35  3:08  Mothership Core (Chrono Boost)  
  35  3:09  Probe (Chrono Boost)  
  38  3:19  Probe (Chrono Boost)  
  39  3:23  Nexus  
  39  3:25  Probe (Chrono Boost)  
  40  3:30  Phoenix (Chrono Boost)  
  42  3:36  Probe  
  43  3:48  Pylon  
  43  3:52  Phoenix (Chrono Boost)  
  45  3:58  Probe  
  45  4:00  Probe  
  41  4:10  Twilight Council  
  41  4:12  Gateway, Pylon  
  41  4:15  Gateway  
  41  4:17  Gateway  
  41  4:23  Gateway  
  41  4:28  Probe  
  41  4:31  Pylon  
  42  4:33  Phoenix (Chrono Boost)  
  44  4:39  Gateway  
  41  4:57  Zealot x2  
Tags
 
Add a new tag
Caveats
  • Supply blocks, unpowered buildings, or Contaminate may cause inaccurate times.
  • Supply counts are checked every 10 seconds.